 Dungeon Crawl Stone Soup version 0.29.1-15-g9cfb28693d (webtiles) character file.

Game seed: 5429547244899589134

30 GeoRichter the Stinger (level 3, -1/24 HPs)
             Began as a Demonspawn Venom Mage on Mar 17, 2023.
             Slain by Sigmund
             ... wielding a +3 scythe
              (11 damage)
             ... on level 2 of the Dungeon.
             The game lasted 00:04:31 (2007 turns).

GeoRichter the Stinger (Demonspawn Venom Mage)      Turns: 2007, Time: 00:04:32

Health: -1/24      AC:  2    Str:  8    XL:     3   Next: 5%
Magic:  6/6        EV: 12    Int: 24    God:
Gold:   103        SH:  0    Dex: 13    Spells: 3/6 levels left

rFire   . . .      SeeInvis .   m - +2 dagger (drain)
rCold   . . .      Faith    .   (no shield)
rNeg    . . .      Spirit   .   a - +0 robe
rPois   .          Reflect  .   (helmet restricted)
rElec   .          Harm     .   (no cloak)
rCorr   .          Rampage  .   (no gloves)
Will    .....                   (no boots)
Stlth   +.........              (no amulet)
HPRegen 0.08/turn               h - +6 ring of intelligence
MPRegen 0.10/turn               (no ring)

@: confused, brilliant, ambrosia-drunk, hasted, invisible, unable to read, very
quick
A: spiny 1, antennae 1, evolution 1, inability to read after injury 1
a: no special abilities


You were on level 2 of the Dungeon.
You visited 1 branch of the dungeon, and saw 2 of its levels.

You collected 103 gold pieces.

Inventory:

Hand Weapons
 m - a +2 dagger of draining (weapon)
   (You found it on level 2 of the Dungeon)
Armour
 a - a +0 robe (worn)
Jewellery
 h - a +6 ring of intelligence (left hand)
   (You found it on level 1 of the Dungeon)
 l - a ring of ice
   (You found it on level 1 of the Dungeon)
Scrolls
 b - a scroll of enchant armour {unknown}
 c - 2 scrolls of identify {unknown}
 d - a scroll of poison {unknown}
 e - a scroll of teleportation {@r4}
 o - 2 scrolls of noise {unknown}
 p - a scroll of fear {unknown}
 r - a scroll of summoning {unknown}
Potions
 q - a potion of heal wounds {@q2}


   Skills:
 - Level 1.7 Dodging
 - Level 2.0 Stealth
 + Level 2.3 Spellcasting
 - Level 0.8 Transmutations
 * Level 0.8 Air Magic
 * Level 3.6 Poison Magic


You had 3 spell levels left.
You knew the following spells:

 Your Spells              Type           Power      Damage    Failure   Level
a - Sting                 Tmut/Pois      80%        1d7       4%          1
b - Poisonous Vapours     Pois/Air       40%        N/A       7%          2

Your spell library contained the following spells:

 Spells                   Type           Power      Damage    Failure   Level
 Spider Form              Tmut/Pois      20%        N/A       14%         3
 Ensorcelled Hibernation  Hex/Ice        8%         N/A       17%         2
 Ignite Poison            Fire/Tmut/Pois 15%        N/A       19%         3
 Mephitic Cloud           Conj/Pois/Air  15%        N/A       19%         3
 Olgreb's Toxic Radiance  Pois           30%        N/A       26%         4
 Anguish                  Hex/Necr       2%         N/A       75%         4
 Freezing Cloud           Conj/Ice/Air   3%         6-21      96%         5


Dungeon Overview and Level Annotations

Branches:
Dungeon (2/15) Zot: 9994

Altars:

Annotations:
D:2 Sigmund


Innate Abilities, Weirdness & Mutations

You are partially covered in sharp spines.
You have a pair of small antennae on your head.
You have hidden genetic potential.
You occasionally lose the ability to read scrolls when taking damage.


Message History

You hear some strange, mumbled words.
A puff of flame appears from out of thin air!
The puff of flame hits you!
You're too confused to move!
Something hits you.
You are too confused!
You bump into the rock wall.
You feel less confused.
Okay, then.
As you read the scroll of butterflies, it crumbles to dust.
You hear the tinkle of a tiny bell.
Something hits you.
* * * LOW HITPOINT WARNING * * *
You swap places.
Something closely misses your butterfly.
You swap places.
Something hits your butterfly!
Your butterfly dies!
Your butterfly disappears in a burst of colours!
You swap places.
Something misses your butterfly. Something barely misses your butterfly.
A puff of flame appears from out of thin air!
The puff of flame misses you.
You swap places.
There is a stone staircase leading up here.
Sigmund points at you and mumbles some strange words.
You are confused.
Okay, then.
You are too confused!
You bump into the rock wall.
It was a potion of haste.
You feel yourself speed up.
It was a potion of mutation.
You feel extremely strange.
You feel a hidden potential growing inside you.
You occasionally lose the ability to read scrolls when taking damage.
A pair of antennae grows on your head!
Your butterfly disappears in a burst of colours!
Okay, then.
It was a potion of ambrosia.
You are more confused.
You feel invigorated.
Sigmund hits you from afar with a +3 scythe!
* * * LOW HITPOINT WARNING * * *
It was a potion of brilliance.
You feel clever all of a sudden.
It was a potion of invisibility.
You fade into invisibility!
Sigmund hits you from afar with a +3 scythe!
You feel threatened and lose the ability to read scrolls!
You die...

#.# #.# #.######
######.# #.# #.#....#
##.....# #.# #.#.##.#
##.....# #.####.#.##.#
##.....# #.#....#.##.#
.....(.# #.#.####.##{#
#.#...## #.#.#....##.#
...8..# #†#.#.#####.##
#.#.#.####.#..<.@.@...#
.8......>#.#########.##
#.#.#.##.#.......#....#
...8..##.#####...#.#.##
#.#.#.##.# #...#.#.#
.8....##.# #.....#.#
#.#.#.##.#####.#.....#
...8..##.......#######
#.#.#.##.##############


You could see Sigmund (unable to see you).

Vanquished Creatures
  A worm (D:2)
  A ball python (D:1)
  An endoplasm (D:1)
  4 giant cockroaches
  2 hobgoblins
  2 jackals (D:1)
  2 quokkas (D:1)
  4 bats
  A frilled lizard (D:2)
  3 goblins
  A kobold (D:1)
  4 rats
26 creatures vanquished.

Notes
Turn   | Place    | Note
-------+----------+-------------------------------------------
     0 | D:1      | GeoRichter the Demonspawn Venom Mage began the quest for
                  | the Orb.
     0 | D:1      | Reached XP level 1. HP: 13/13 MP: 3/3
    63 | D:1      | Found a faded altar of an unknown god.
   553 | D:1      | Gained mutation: You are partially covered in sharp spines.
                  | [demonic ancestry]
   553 | D:1      | Reached XP level 2. HP: 19/19 MP: 0/5
   655 | D:1      | Learned a level 2 spell: Poisonous Vapours
  1058 | D:2      | Noticed Sigmund
  1841 | D:2      | Reached XP level 3. HP: 24/24 MP: 4/6
  2004 | D:2      | Gained mutation: You have hidden genetic potential. [potion
                  | of mutation]
  2004 | D:2      | Gained mutation: You occasionally lose the ability to read
                  | scrolls when taking damage. [potion of mutation]
  2004 | D:2      | Gained mutation: You have a pair of small antennae on your
                  | head. [potion of mutation]
  2007 | D:2      | Slain by Sigmund

Illustrated notes

Levels and vault maps discovered:
D:1:      co_arrival_random_square_maze, layout_rooms,
          shapermc_ecumenical_altar_venn
D:2:      layout_basic, kennysheep_crisscross, uniq_sigmund

Skill      XL: |  1 |
---------------+----+-----
Stealth        | 2 |  2.0
Dodging        | |  1.7
Spellcasting   | |  2.3
Transmutations | |  0.8
Air Magic      | |  0.8
Poison Magic   | |  3.6

Action                   || total
-------------------------++-------
Melee: Dagger            ||    17
       Unarmed           ||     2
 Cast: Sting             ||    43
       Poisonous Vapours ||     3
  Use: Potion            ||     7
       Scroll            ||     3
Armor: Robe              ||    10
Dodge: Dodged            ||    27
